Map: Blackpink LE

Players

newmeric - Winner!

  • Race: Zerg Zerg
  • League: Gold
  • Spawn Location: 1:00

CinDra

  • Race: Zerg Zerg
  • League: Gold
  • Spawn Location: 7:00

VOD

Have the link to the VOD?

Description

Time

  • Played on: Feb. 27, 2018, 12:55 p.m.
  • Length: 12:45
Show
View Real Time Build Order
Export as new Build Order

newmeric Zerg - Winner!

Build Orders: Pool First 

Get SALT Encoding   

  12  0:08  Overlord  
  12  0:13  Drone  
  13  0:17  Drone  
  14  0:28  Drone  
  15  0:37  Drone  
  16  0:45  Spawning Pool  
  15  0:50  Drone  
  15  0:54  Drone, Extractor  
  16  1:09  Drone  
  17  1:17  Drone  
  18  1:30  Overlord  
  18  1:34  Zergling x2  
  20  1:47  Zergling x2  
  20  1:59  Queen  
  22  2:03  Hatchery  
  22  2:07  Evolution Chamber  
  20  2:09  Overlord, Drone  
  21  2:18  Drone  
  22  2:32  Zergling x2  
  23  2:37  Queen  
  25  2:45  Zerg Ground Armor Level 1  
  25  2:46  Drone  
  26  2:53  Zergling x2  
  27  3:05  Drone  
  28  3:06  Roach Warren  
  27  3:23  Drone  
  27  3:24  Drone x3  
  28  4:03  Queen  
  30  4:15  Roach x5  
  30  4:16  Overlord, Roach x2  
  44  4:21  Overlord  
  44  4:34  Queen  
  46  4:52  Drone x3  
  48  4:53  Drone x3  
  49  5:08  Zergling x4  
  51  5:16  Drone x2  
  53  5:32  Drone x2  
  53  5:33  Extractor  
  54  5:36  Zerg Melee Weapons Level 1  
  54  5:45  Drone x2  
  56  5:58  Roach x2  
  56  5:59  Overlord x2  
  56  6:00  Overlord  
  56  6:03  Overlord  
  60  6:13  Lair  
  60  6:30  Roach x2  
  60  6:31  Roach x2  
  68  6:36  Zergling x6  
  68  6:37  Overlord x2  
  68  7:16  Hydralisk Den  
  68  7:17  Roach x3  
  68  7:18  Roach x3  
  68  7:20  Zergling x2  
  68  7:21  Zergling x8  
  81  7:30  Zerg Missile Weapons Level 1  
  74  7:37  Zergling x10  
  60  7:55  Zergling x10  
  65  8:15  Hatchery  
  64  8:27  Roach  
  64  8:28  Roach x4  
  74  8:48  Hydralisk  
  74  8:49  Hydralisk x5  
  74  8:50  Hydralisk  
  74  8:55  Extractor  
  87  9:33  Hydralisk x2  
  87  9:34  Hydralisk, Roach x3  
  87  9:35  Roach  
  101  9:49  Extractor  
  100  10:00  Overseer  
  100  10:06  Glial Reconstitution  
  100  10:17  Drone x3  
  100  10:18  Drone  
  100  10:19  Drone  
  100  10:20  Drone x7  
  100  10:21  Drone x2  
  114  10:22  Overlord x3  
  114  10:23  Overlord  
  114  10:47  Metabolic Boost  
  102  11:05  Hydralisk  
  102  11:06  Hydralisk x4, Roach x4  
  102  11:07  Roach  
  101  11:29  Zergling x6  
  101  11:30  Zergling x6  
  105  11:40  Hydralisk, Roach  
  105  11:41  Roach  
  107  11:52  Hydralisk  
  107  11:53  Roach x2  
  113  12:10  Zergling x2  
  113  12:11  Zergling x6  
Show
View Real Time Build Order
Export as new Build Order

CinDra Zerg 

Build Orders: Hatch First 

Get SALT Encoding   

  12  0:01  Drone  
  13  0:13  Overlord  
  13  0:17  Drone  
  14  0:31  Drone x2  
  14  0:35  Drone  
  17  0:56  Drone  
  18  0:57  Hatchery  
  18  1:02  Drone  
  18  1:07  Extractor, Drone  
  18  1:19  Spawning Pool  
  18  1:25  Overlord  
  17  1:31  Drone  
  18  1:39  Drone  
  19  1:51  Drone  
  20  2:07  Queen  
  22  2:08  Queen  
  22  2:09  Zergling x2  
  22  2:10  Zergling x2  
  22  2:12  Drone  
  27  2:17  Metabolic Boost  
  27  2:20  Drone  
  28  2:24  Zergling x2  
  29  2:34  Drone x2  
  31  2:41  Zergling x2  
  31  2:44  Drone  
  33  2:53  Drone  
  33  2:54  Overlord  
  34  3:05  Drone  
  35  3:22  Drone x8  
  35  3:23  Overlord  
  43  3:40  Overlord  
  44  3:41  Queen, Drone  
  44  3:43  Hatchery  
  41  4:13  Extractor  
  40  4:28  Drone x3  
  40  4:29  Drone  
  44  4:32  Overlord  
  44  4:33  Zergling x2  
  44  4:34  Zergling x6  
  46  4:53  Zergling x14  
  53  5:06  Zergling x6  
  54  5:13  Queen  
  56  5:15  Drone x5  
  56  5:16  Drone x2  
  62  5:27  Zergling x2  
  62  5:28  Zergling x4  
  64  6:01  Zergling x20  
  64  6:02  Zergling x2, Extractor  
  64  6:03  Extractor  
  73  6:09  Overlord  
  73  6:16  Pneumatized Carapace, Lair  
  73  6:20  Drone  
  73  6:22  Overlord x5  
  74  6:34  Roach Warren  
  74  6:36  Evolution Chamber  
  74  6:37  Drone x6  
  78  6:40  Overlord  
  78  7:05  Drone  
  78  7:06  Drone x2  
  78  7:07  Zergling x22  
  87  7:18  Zergling x4  
  87  7:19  Zergling x2  
  74  7:39  Zergling x16  
  74  7:40  Zergling x2  
  76  8:03  Evolution Chamber  
  75  8:12  Queen  
  77  8:15  Glial Reconstitution  
  77  8:17  Zerg Missile Weapons Level 1  
  77  8:20  Hatchery  
  75  8:47  Drone x13  
  75  8:48  Drone x5  
  93  9:03  Extractor  
  93  9:04  Overseer x3  
  93  9:05  Extractor  
  93  9:06  Roach  
  93  9:07  Roach x2  
  97  9:15  Overlord x2, Roach x4  
  97  9:16  Roach  
  109  9:17  Roach x2  
  109  9:21  Zerg Ground Armor Level 1  
  111  9:29  Spire  
  110  9:53  Drone x5  
  115  10:09  Overlord, Roach x3  
  115  10:10  Zergling x2, Overlord, Roach  
  115  10:11  Zergling x24  
  136  10:28  Roach x2  
  138  10:29  Roach x6  
  152  10:51  Extractor  
  152  10:55  Extractor  
  125  11:10  Zergling x2, Roach  
  125  11:11  Zergling x36  
  104  11:12  Zergling x8  
  103  11:21  Zergling x8  
  71  11:48  Roach  
  71  11:49  Roach x7  
  85  11:54  Overlord x2  
  85  11:55  Zergling x4  
  85  11:56  Zergling x6  
  89  12:04  Zergling x4  
  89  12:05  Zergling x6  
  84  12:18  Zergling x2  
  84  12:19  Zergling x2  
Tags
 
League
GoldGold
Matchup
ZvZ
Race
Zerg
Spawn Locations
Cross Positions
Add a new tag
Caveats
  • Supply blocks, unpowered buildings, or Contaminate may cause inaccurate times.
  • Supply counts are checked every 10 seconds.